 Dungeon Crawl Stone Soup version 0.26.0-10-g1f06aea511 (webtiles) character file.

Game seed: 10535083970099889794

256 dohliylev the Skirmisher (level 6, 0/40 HPs)
             Began as a Gargoyle Fighter on Jan 17, 2021.
             Slain by a phantom (5 damage)
             ... on level 4 of the Dungeon.
             The game lasted 00:04:11 (1358 turns).

dohliylev the Skirmisher (Gargoyle Fighter)         Turns: 1358, Time: 00:04:11

Health: 0/40       AC: 12    Str: 21    XL:     6   Next: 16%
Magic:  6/6        EV:  7    Int:  9    God:
Gold:   127        SH:  9    Dex:  9    Spells: 5/5 levels left

rFire    . . .     SeeInvis .   a - +0 flail
rCold    . . .     Faith    .   c - +0 kite shield
rNeg     + + .     Spirit   .   b - +0 scale mail
rPois    ∞         Reflect  .   (no helmet)
rElec    +         Harm     .   (no cloak)
rCorr    .         Rampage  .   l - +0 pair of gloves
Will     .....                  (no boots)
Stlth    ..........             (no amulet)
HPRegen  0.13/turn              e - ring of positive energy
MPRegen  0.10/turn              (no ring)

@: no status effects
A: negative energy resistance 1, electricity resistance, unbreathing,
petrification resistance, miasma immunity, AC +4
a: no special abilities


You were on level 4 of the Dungeon.
You visited 1 branch of the dungeon, and saw 4 of its levels.

You collected 127 gold pieces.

Inventory:

Hand Weapons
 a - a +0 flail (weapon)
 m - a +2 dagger of venom
Armour
 b - a +0 scale mail (worn)
 c - a +0 kite shield (worn)
 l - a +0 pair of gloves (worn)
Jewellery
 e - a ring of positive energy (left hand)
Scrolls
 h - a scroll of remove curse {unknown}
 i - a scroll of amnesia {unknown}
 j - a scroll of enchant armour {unknown}
 k - 2 scrolls of teleportation {unknown}
Potions
 d - a potion of might
 f - a potion of brilliance {unknown}
 g - a potion of heal wounds {unknown}


   Skills:
 * Level 5.2 Fighting
 + Level 4.9 Maces & Flails
 - Level 3.2 Armour
 - Level 0.2 Dodging
 - Level 3.2 Shields


You had 5 spell levels left.
You didn't know any spells.
Your spell library was empty.

Dungeon Overview and Level Annotations

Branches:
Dungeon (5/15)
 Temple: D:4-7

Altars:


Innate Abilities, Weirdness & Mutations

You are resistant to torment.
Your stone body is resilient. (AC +4)
You are immune to poison.
You resist negative energy. (rN+)
You are resistant to electric shocks. (rElec)
You can survive without breathing.
You are immune to petrification.
You are immune to miasma.


Message History

You hit the ogre.
The ogre is almost dead.
The ogre hits you with a +0 giant club!
* * * LOW HITPOINT WARNING * * *
You block the phantom's attack.
You hit the ogre.
You kill the ogre!
The phantom barely misses you.
Your Fighting skill increases to level 5!
You have reached level 6!
Your experience leads to an increase in your attributes!
Increase (S)trength, (I)ntelligence, or (D)exterity?
You feel stronger.
You miss the phantom.
The phantom is lightly damaged.
You block the phantom's attack. x2
You closely miss the phantom.
The phantom is lightly damaged.
The phantom hits you.
You die...

≈≈≈.≈P.....#
.≈..≈......##
.≈≈.P.......# ####
.♣P.........# #..
.......lB...# #.#
######O###.###.#######
#.# #....>...§...
#.###############
#.††)@W# #.####...###
### ##.....##
.......## #......## #
####....### #
###....### ##......
##.....


You could see a phantom.

Vanquished Creatures
  An ogre (D:4)
  A hound (D:5)
  An iguana (D:4)
  2 worker ants (D:4)
  A worker ant zombie (D:5)
  2 adders
  An ooze (D:5)
  A dart slug (D:1)
  3 leopard geckos
  An orc (D:5)
  2 bats (D:1)
  4 giant cockroaches
  3 goblins (D:1)
  3 hobgoblins (D:1)
  2 jackals (D:1)
  7 frilled lizards
  4 kobolds (D:1)
  A rat (D:1)
40 creatures vanquished.

Vanquished Creatures (others)
  A plant (D:4)
1 creature vanquished.

Grand Total: 41 creatures vanquished

Notes
Turn   | Place    | Note
-------+----------+-------------------------------------------
     0 | D:1      | dohliylev the Gargoyle Fighter began the quest for the Orb.
     0 | D:1      | Reached XP level 1. HP: 14/14 MP: 1/1
   226 | D:1      | Reached XP level 2. HP: 19/19 MP: 2/2
   649 | D:1      | Reached XP level 3. HP: 23/23 MP: 3/3
   981 | D:2      | You fall into a shaft and drop 2 floors!
  1079 | D:4      | Noticed an ogre
  1094 | D:5      | Entered Level 5 of the Dungeon
  1113 | D:5      | Reached skill level 4 in Fighting
  1113 | D:5      | Reached XP level 4. HP: 25/29 MP: 4/4
  1247 | D:5      | Reached XP level 5. HP: 29/34 MP: 5/5
  1305 | D:4      | Noticed a phantom
  1311 | D:4      | Noticed an ogre
  1356 | D:4      | Killed an ogre
  1357 | D:4      | Reached skill level 5 in Fighting
  1357 | D:4      | Reached XP level 6. HP: 4/40 MP: 6/6
  1358 | D:4      | Slain by a phantom

Illustrated notes

Levels and vault maps discovered:
D:1:      minmay_arrival_stone_box, layout_loops_ring
D:2:      layout_basic
D:4:      layout_basic, lemuel_crystal_altar, serial_curves, eino_curves_02,
          eino_curves_02, corexii_hall_statues_s, st_stairs_4,
          minmay_misc_feat_ornament, serial_bayou_pond_b
D:5:      layout_loops_cross, nemelex_xobeh_ov_fountains_minmay,
          chequers_mini_garden, nicolae_zen_rock_garden

Skill      XL: |  1  2  3  4  5 |
---------------+----------------+-----
Maces & Flails | 3 4 |  4.9
Fighting       | 4 5 |  5.2
Armour         | |  3.2
Dodging        | |  0.2
Shields        | |  3.2

Action                   |  1- 3 |  4- 6 || total
-------------------------+-------+-------++-------
Melee: Flail             |   115 |    64 ||   179
Armor: Scale mail        |    54 |    32 ||    86
Dodge: Dodged            |    40 |    23 ||    63
Block: Kite shield       |    54 |    31 ||    85
